 Dungeon Crawl Stone Soup version 0.24-a0-736-g4e6fe308c7 (webtiles) character file.

Game seed: 14569297384310077789, levelgen mode: deterministic

205 MisterFreud the Changer (level 5, -2/33 HPs)
             Began as an Octopode Transmuter on Oct 2, 2019.
             Slain by a gnoll
             ... wielding a +0 spear
              (8 damage)
             ... on level 3 of the Dungeon.
             The game lasted 00:05:30 (2343 turns).

MisterFreud the Changer (Octopode Transmuter)       Turns: 2343, Time: 00:05:30

Health: -2/33      AC:  2    Str:  9    XL:     5   Next: 83%
Magic:  8/10       EV: 19    Int: 17    God:
Gold:   124        SH:  0    Dex: 17    Spells: 4/10 levels left

rFire    . . .     SeeInvis .     - Unarmed
rCold    . . .     Gourm    .   (shield currently unavailable)
rNeg     . . .     Faith    .   (helmet currently unavailable)
rPois    x         Spirit   .   (no amulet)
rElec    .         Reflect  .   i - ring of protection from magic
rCorr    .         Harm     .   (no ring)
MR       +....                  (no ring)
Stlth    ++........             (no ring)
HPRegen  0.11/turn              (no ring)
MPRegen  0.12/turn              (no ring)
                                (no ring)
                                (no ring)

@: spider-form (expiring)
A: tiny, almost no armour, stealthy swim, (amphibious), 8 rings, (constrict 8)
a: End Transformation


You were on level 3 of the Dungeon.
You were hungry.
You were a venomous arachnid creature.
You visited 1 branch of the dungeon, and saw 3 of its levels.

You collected 124 gold pieces.

Inventory:

Missiles
 a - 12 arrows
 b - 72 stones (quivered)
 f - 3 javelins
 j - 13 poisoned darts
Jewellery
 i - a ring of protection from magic (left front leg)
 n - an uncursed ring of stealth
Scrolls
 d - 3 scrolls of identify {unknown}
 e - a scroll of enchant armour {unknown}
 k - a scroll of magic mapping {unknown}
 m - a scroll of amnesia {unknown}
 o - a scroll of teleportation {unknown}
 p - a scroll of noise {unknown}
Potions
 g - 2 potions of magic {unknown}
 h - 3 potions of curing {unknown}
 l - a potion of heal wounds {unknown}
Comestibles
 c - 3 rations
 q - 2 chunks of flesh


   Skills:
 - Level 1.0 Fighting
 - Level 2.0 Dodging
 - Level 3.0 Unarmed Combat
 + Level 3.4 Spellcasting
 * Level 4.9 Transmutations


You had 4 spell levels left.
You knew the following spells:

 Your Spells              Type           Power        Failure   Level  Hunger
a - Beastly Appendage     Tmut           ###...       9%          1    None
b - Sticks to Snakes      Tmut           ###.....     11%         2    ##.....
c - Spider Form           Tmut/Pois      ##........   38%         3    ###....

Your spell library contained the following spells:

 Spells                   Type           Power        Failure   Level  Hunger
 Magic Dart               Conj           #...         36%         1    None
 Blink                    Tloc           N/A          47%         2    ##.....
 Call Imp                 Summ           #.......     47%         2    ##.....
 Slow                     Hex            #.......     47%         2    ##.....
 Conjure Flame            Conj/Fire      #.......     67%         3    ###....
 Mephitic Cloud           Conj/Pois/Air  #.......     67%         3    ###....
 Ice Form                 Ice/Tmut       ##......     73%         4    ####...
 Blade Hands              Tmut           ###.......   73%         5    ######.


Dungeon Overview and Level Annotations

Branches:
Dungeon (3/15)

Altars:


Innate Abilities, Weirdness & Mutations

You cannot wear most types of armour.
You are very stealthy in the water. (Stealth+)
((You are amphibious.))
You can wear up to eight rings at the same time.
((You can use your tentacles to constrict eight enemies at once.))
((Your skin changes colour to match your surroundings (Stealth+).))
((Your rubbery body absorbs attacks. (AC +1, EV +1)))


Message History

The gnoll shouts!
You hit the gnoll.
The gnoll looks as sick as possible!
The gnoll is almost dead.
You kill the gnoll!
You hit the kobold but do no damage.
The kobold is poisoned.
The kobold closely misses you.
You hit the kobold.
You kill the kobold!
The gnoll hits you with a +0 flail.
You hit the gnoll but do no damage.
The gnoll is poisoned.
You closely miss the gnoll. The gnoll completely misses you.
You hit the gnoll.
The gnoll looks as sick as possible!
The gnoll is moderately wounded.
The gnoll hits you with a +0 flail.
* * * LOW HITPOINT WARNING * * *
The gnoll completely misses you.
You hit the gnoll.
You kill the gnoll!
The gnoll hits you from afar with a +0 spear!
You die...

#
.#############.#
................
..............
............
......$##.####
#......g)s(#
....##....##.#
#...##.....#.#
#^.....<...#.#
#.#.#####..#.#
.. ...#+# .
#.... #.....
#......


You could see a gnoll.

Vanquished Creatures
  Jessica (D:2)
  Natasha (twice) (D:2)
  An adder (D:2)
  5 gnolls
  3 worms
  2 dart slugs (D:2)
  A leopard gecko (D:2)
  A ball python (D:1)
  2 giant cockroaches
  6 goblins
  7 hobgoblins
  11 jackals
  A quokka (D:2)
  2 bats
  2 frilled lizards (D:2)
  11 kobolds
  2 rats (D:2)
60 creatures vanquished.

Notes
Turn   | Place    | Note
-------+----------+-------------------------------------------
     0 | D:1      | MisterFreud the Octopode Transmuter began the quest for the
                  | Orb.
     0 | D:1      | Reached XP level 1. HP: 13/13 MP: 3/3
    79 | D:1      | Reached XP level 2. HP: 14/18 MP: 3/5
   609 | D:1      | Reached skill level 3 in Transmutations
   632 | D:2      | Reached XP level 3. HP: 20/23 MP: 6/6
  1207 | D:2      | Noticed Natasha
  1356 | D:1      | Learned a level 2 spell: Sticks to Snakes
  1360 | D:1      | Learned a level 3 spell: Spider Form
  1674 | D:2      | Reached XP level 4. HP: 21/28 MP: 4/8
  1810 | D:2      | Killed Natasha
  1810 | D:2      | Reached skill level 4 in Transmutations
  1876 | D:2      | Noticed Jessica
  2044 | D:2      | Killed Jessica
  2044 | D:2      | Reached XP level 5. HP: 27/33 MP: 5/9
  2239 | D:2      | Noticed Natasha
  2246 | D:2      | Killed Natasha
  2343 | D:3      | Slain by a gnoll

Levels and vault maps discovered:
D:1:      lightli_iron_boxes, layout_rooms
D:2:      layout_rooms, wander_ebering_terrifying_dragon_lair, uniq_natasha,
          uniq_jessica
D:3:      layout_basic

Skill      XL: |  1  2  3  4 |
---------------+-------------+-----
Transmutations | 3 4 |  4.9
Spellcasting   | 3 |  3.4
Fighting       | |  1.0
Dodging        | |  2.0
Unarmed Combat | |  3.0

Action                   |  1- 3 |  4- 6 || total
-------------------------+-------+-------++-------
Melee: Unarmed           |    99 |    76 ||   175
       Constrict         |    28 |     6 ||    34
       Kick              |    18 |       ||    18
       Tentacles         |    14 |     1 ||    15
       Punch             |     3 |     1 ||     4
 Cast: Beastly Appendage |     7 |       ||     7
       Spider Form       |     1 |     7 ||     8
 Stab: Sleeping          |     3 |     1 ||     4
  Eat: Chunk             |     1 |     4 ||     5
Armor: Skin              |     5 |     1 ||     6
Dodge: Dodged            |    64 |    54 ||   118

Table legend:
 A = Non-vault XP
 B = Vault XP
 C = Vault XP percentage of total XP
 D = Non-vault monster count
 E = Vault monster count
 F = Vault count percentage of total count
                 A         B        C        D         E       F
            +---------+---------+-------+---------+---------+-------
      Total |     221 |      73 |  24.8 |      57 |       3 |   5.0
            +---------+---------+-------+---------+---------+-------
        D:1 |      33 |       0 |   0.0 |      18 |       0 |   0.0
        D:2 |     145 |      73 |  33.5 |      30 |       3 |   9.1
        D:3 |      43 |       0 |   0.0 |       9 |       0 |   0.0
            +---------+---------+-------+---------+---------+-------
